 Dungeon Crawl Stone Soup version 0.21.1-1-g345015f (webtiles) character file.

126 microfolk the Shield-Bearer (level 4, -1/49 HPs)
             Began as a Troll Fighter on Apr 21, 2018.
             Killed by nerve-wracking pain
             ... invoked by Grinder
              (2 damage)
             ... on level 3 of the Dungeon.
             The game lasted 00:03:37 (1423 turns).

microfolk the Shield-Bearer (Troll Fighter)         Turns: 1423, Time: 00:03:37

Health: -1/49      AC:  6    Str: 24    XL:     4   Next: 83%
Magic:  3/3        EV:  8    Int:  4    God:
Gold:   61         SH:  9    Dex: 10    Spells: 3/3 levels left

rFire    . . .     SeeInvis .     - Unarmed
rCold    . . .     Gourm    +   b - +0 shield
rNeg     . . .     Faith    .   a - +0 robe
rPois    .         Spirit   .   (helmet restricted)
rElec    .         Reflect  .   q - +0 cloak
rCorr    .         Harm     .   (gloves unavailable)
MR       .....     Rnd*Tele +   (boots unavailable)
Stlth    ++........             (no amulet)
HPRegen  0.56/turn              e - ring of stealth
MPRegen  0.08/turn              (no ring)

@: hasted, very quick
A: large, unfitting armour, antennae 1, claws 3, fast metabolism 3, gourmand,
regeneration 1, robust 1, shaggy fur 1, teleportitis 1, tough skin 2
a: no special abilities


You were on level 3 of the Dungeon.
You were very full.

You visited 1 branch of the dungeon, and saw 3 of its levels.

You collected 61 gold pieces.

Inventory:

Missiles
 k - 51 stones (quivered)
Armour
 a - a +0 robe (worn)
 b - a +0 shield (worn)
 q - a +0 cloak (worn)
Jewellery
 e - a ring of stealth (left claw)
Scrolls
 f - a scroll of identify {unknown}
 h - a scroll of enchant armour {unknown}
 j - a scroll of teleportation {unknown}
 n - a scroll of remove curse
 p - a scroll of amnesia {unknown}
Potions
 l - a potion of magic {unknown}
 o - a potion of curing {unknown}
Comestibles
 d - 5 rations
 i - 2 chunks of flesh


   Skills:
 + Level 3.3 Fighting
 - Level 2.4 Dodging
 + Level 3.3 Shields
 + Level 3.3 Unarmed Combat


You had 3 spell levels left.
You didn't know any spells.

Dungeon Overview and Level Annotations

Branches:
Dungeon (3/15)

Altars:

Annotations:
D:3 Grinder


Innate Abilities, Weirdness & Mutations

You are too large for most types of armour.
You have claws for hands.
Your metabolism is lightning-fast.
You like to eat raw meat.
Your natural rate of healing is unusually fast.
You are covered in fur. (AC +1)
You have very tough skin. (AC +2)
You have a pair of small antennae on your head.
You are robust. (+10% HP)
You are occasionally teleported next to monsters.


Message History

Grinder hits you but does no damage.
You scratch Grinder.
Grinder is moderately wounded.
Grinder hits you.
You writhe in agony.
* * * LOW HITPOINT WARNING * * *
It was a potion of mutation.
You feel extremely strange.
You feel weirdly uncertain.
You feel robust. A pair of antennae grows on your head!
Grinder gestures at you. Pain shoots through your body!
* * * LOW HITPOINT WARNING * * *
It was a potion of haste.
You feel yourself speed up. Grinder hits you.
* * * LOW HITPOINT WARNING * * *
You writhe in agony.
* * * LOW HITPOINT WARNING * * *
You claw Grinder!
Grinder is heavily wounded.
Grinder gestures at you. Pain shoots through your body!
You die...

#..†..........
#.####.#####..
#.)....#
#.###### #.#
##.## #...#
#.#.# #..@#
##5## #.# #.#
#.# ##.####
##.....#
#......#
#......#


You could see Grinder.

Vanquished Creatures
  Crazy Yiuf (D:2)
  Terence (D:3)
  4 adders
  3 dart slugs
  A leopard gecko (D:1)
  A ball python (D:3)
  A bat (D:2)
  8 goblins
  3 hobgoblins
  A quokka (D:2)
  3 frilled lizards
  A kobold (D:3)
  3 rats (D:2)
31 creatures vanquished.

Vanquished Creatures (others)
  A kobold (D:1)
1 creature vanquished.

Grand Total: 32 creatures vanquished

Notes
Turn   | Place    | Note
-------+----------+-------------------------------------------
     0 | D:1      | microfolk the Troll Fighter began the quest for the Orb.
     0 | D:1      | Reached XP level 1. HP: 22/22 MP: 0/0
   122 | D:1      | Reached XP level 2. HP: 29/29 MP: 1/1
   543 | D:2      | Reached XP level 3. HP: 36/36 MP: 2/2
   947 | D:2      | Found a runed door.
  1175 | D:2      | Noticed Crazy Yiuf
  1181 | D:2      | Killed Crazy Yiuf
  1181 | D:2      | Reached XP level 4. HP: 10/45 MP: 3/3
  1336 | D:3      | Noticed Terence
  1339 | D:3      | Killed Terence
  1380 | D:3      | Noticed Grinder
  1381 | D:3      | Paralysed by Grinder for 4 turns
  1396 | D:3      | Paralysed by Grinder for 4 turns
  1412 | D:3      | Paralysed by Grinder for 6 turns
  1421 | D:3      | Gained mutation: You are occasionally teleported next to monsters. [potion of mutation]
  1421 | D:3      | Gained mutation: You are robust. (+10% HP) [potion of mutation]
  1421 | D:3      | Gained mutation: You have a pair of small antennae on your head. [potion of mutation]
  1422 | D:3      | HP: 1/49 [Grinder (3)]
  1423 | D:3      | Killed from afar by Grinder

Skill      XL: |  1  2  3 |
---------------+----------+-----
Shields        | 3 |  3.3
Fighting       | 3 |  3.3
Unarmed Combat | 3 |  3.3
Dodging        | |  2.4

Action                   |  1- 3 |  4- 6 || total
-------------------------+-------+-------++-------
Melee: Unarmed           |    52 |    28 ||    80
Throw: Stone             |     1 |       ||     1
  Use: Potion            |     1 |     2 ||     3
       Scroll            |       |     1 ||     1
 Stab: Sleeping          |     1 |       ||     1
  Eat: Chunk             |    16 |     2 ||    18
Armor: Robe              |    11 |    10 ||    21
Dodge: Dodged            |    13 |     5 ||    18
Block: Shield            |    18 |     9 ||    27
